 Dungeon Crawl Stone Soup version 0.31.0-2-g5a2aebc5c2 (webtiles) character file.

Game seed: 4741933083740731949

33090 Zeia the Necromancer (level 13, -3/108 HPs)
             Began as a Demonspawn Necromancer on Jan 20, 2024.
             Was a High Priest of Ashenzari.
             Slain by a death yak (18 damage)
             ... on level 5 of the Lair of Beasts.
             The game lasted 01:33:30 (15500 turns).

Zeia the Necromancer (Demonspawn Necromancer)      Turns: 15500, Time: 01:33:31

Health: -3/108     AC: 15    Str: 10    XL:     13   Next: 34%
Magic:  12/27      EV: 11    Int: 19    God:    Ashenzari [*****.]
Gold:   814        SH:  0    Dex: 14    Spells: 25/33 levels left

rFire   + . .        p - +1 falchion "Prescient Seer" {pain, Sorc, Comp} (curse)
rCold   . . .        (no shield)
rNeg    . . .        F - +0 troll leather armour of Supernal Understanding {Regen+, Melee, Dev} (curse)
rPois   .            (helmet unavailable)
rElec   .            o - +2 cloak "Lashed Together" {Bglg, Self} (curse)
rCorr   .            C - +0 pair of gloves of the Restrained Moon {Fort, Melee} (curse)
SInv    +            i - +0 pair of boots of the Sibylline Comet {Range, Self} (curse)
Will    .....        (no amulet)
Stlth   ++           u - ring of the Gnostic Prison {rF+, Range, Melee} (curse)
HPRegen 1.18/turn    Q - ring of Ashenzari's Repose {AC+4, Melee, Elem} (curse)
MPRegen 0.20/turn

%: clarity
@: animating dead
A: antennae 3, slimy green scales 1, ignite blood 2, demonic magic 2
a: Renounce Religion, Curse Item, Shatter the Chains


You were on level 5 of the Lair of Beasts.
You worshipped Ashenzari.
Ashenzari was extremely pleased with you.
You visited 3 branches of the dungeon, and saw 15 of its levels.

You collected 814 gold pieces.

Inventory:

Hand Weapons
 p - the cursed +1 falchion "Prescient Seer" (weapon) {pain, Sorc, Comp}
   (You took it off Eustachio on level 6 of the Dungeon)

   It has a curse which improves the following skills: Sorcery: Conjurations and
   Alchemy.
   Companions: Summonings and Necromancy.
 H - the +2 mace "Amoime" {drain, Stlth+}
   (You took it off a wight on level 7 of the Dungeon)

   Stlth+:    It makes you more stealthy.
 J - a +2 whip of distortion
Armour
 i - the cursed +0 pair of boots of the Sibylline Comet (worn) {Range, Self}
   (You found it on level 2 of the Dungeon)

   It has a curse which improves the following skills: Ranged Combat: Ranged
   Weapons and Throwing.
   Introspection: Fighting and Spellcasting.
 o - the cursed +2 cloak "Lashed Together" (worn) {Bglg, Self}
   (You found it on level 2 of the Dungeon)

   It has a curse which improves the following skills: Beguiling: Hexes and
   Translocations.
   Introspection: Fighting and Spellcasting.
 v - a +0 ring mail of cold resistance
 C - the cursed +0 pair of gloves of the Restrained Moon (worn) {Fort, Melee}
   (You found it on level 7 of the Dungeon)

   It has a curse which improves the following skills: Fortitude: Armour and
   Shields.
   Melee Combat: Short Blades, Long Blades, Axes, Maces & Flails, Polearms,
   Staves and Unarmed Combat.
 F - the cursed +0 troll leather armour of Supernal Understanding (worn) {Regen+, Melee, Dev}
   (You found it on level 7 of the Dungeon)

   Regen+:    It increases your rate of health regeneration.
   It has a curse which improves the following skills: Melee Combat: Short
   Blades, Long Blades, Axes, Maces & Flails, Polearms, Staves and Unarmed
   Combat.
   Devices:   Evocations and Shapeshifting.
 L - a +2 cloak of willpower
 R - a scarf of resistance
 T - a +1 cloak
Magical Staves
 t - a staff of death
 O - a staff of conjuration
Jewellery
 u - the cursed ring of the Gnostic Prison (left hand) {rF+, Range, Melee}
   (You found it on level 4 of the Dungeon)

   [ring of protection from fire]

   rF+:       It protects you from fire.
   It has a curse which improves the following skills: Ranged Combat: Ranged
   Weapons and Throwing.
   Melee Combat: Short Blades, Long Blades, Axes, Maces & Flails, Polearms,
   Staves and Unarmed Combat.
 Q - the cursed ring of Ashenzari's Repose (right hand) {AC+4, Melee, Elem}
   (You found it on level 3 of the Lair of Beasts)

   [ring of protection]

   AC+4:      It affects your AC (+4).
   It has a curse which improves the following skills: Melee Combat: Short
   Blades, Long Blades, Axes, Maces & Flails, Polearms, Staves and Unarmed
   Combat.
   Elements:  Fire Magic, Ice Magic, Air Magic and Earth Magic.
Wands
 q - a wand of iceblast (26)
 y - a wand of polymorph (7)
 A - a wand of digging (8)
Scrolls
 d - 15 scrolls of identify
 f - 2 scrolls of enchant weapon
 g - 3 scrolls of revelation
 h - 6 scrolls of brand weapon
 k - a scroll of vulnerability
 l - 3 scrolls of noise
 m - a scroll of immolation
 r - 4 scrolls of teleportation
 s - 3 scrolls of butterflies
 w - 3 scrolls of blinking
 D - 3 scrolls of fear
 E - a scroll of fog
 I - a scroll of poison
 K - a scroll of amnesia
 S - a scroll of torment
Potions
 a - 2 potions of cancellation
 b - a potion of magic
 c - 3 potions of might
 e - 5 potions of brilliance
 j - 3 potions of curing
 n - 2 potions of berserk rage
 x - 2 potions of invisibility
 z - a potion of lignification
 B - a potion of heal wounds
 G - 2 potions of attraction
 M - 2 potions of enlightenment
 N - 4 potions of mutation
 P - a potion of haste


   Skills:
 + Level 9.0(12.2) Fighting
 - Level 7.5(12.5) Long Blades
 - Level 3.0(4.8) Armour
 - Level 1.8 Dodging
 - Level 1.8 Stealth
 - Level 7.7(10.9) Spellcasting
 + Level 19.2(21.1) Necromancy


You had 25 spell levels left.
You knew the following spells:

 Your Spells              Type           Power      Damage    Failure   Level
a - Necrotise             Necr           100%       1d9       0%          1
b - Vampiric Draining     Necr           74%        2d11      0%          3
c - Animate Dead          Necr           74%        N/A       0%          4

Your spell library contained the following spells:

 Spells                   Type           Power      Damage    Failure   Level
 Martyr's Knell           Necr/Summ      50%        N/A       1%          4
 Curse of Agony           Necr           74%        N/A       1%          5
 Borgnjor's Revivificati  Necr           37%        N/A       10%         8
 Infestation              Necr           37%        N/A       10%         8
 Haunt                    Necr/Summ      25%        N/A       67%         7
 Death's Door             Necr           37%        N/A       83%         9


Dungeon Overview and Level Annotations

Branches:
Dungeon (9/15)             Temple (1/1) D:5            Lair (5/5) D:9
  Swamp (0/4) Lair:2       Spider (0/4) Lair:3
  Slime: Lair:4-5       Orc: D:9-12

Altars:
Ashenzari
Cheibriados
Dithmenos
Fedhas
Gozag
Hepliaklqana
Kikubaaqudgha
Makhleb
Nemelex Xobeh
Okawaru
Qazlal
Ru
Sif Muna
Trog
Uskayaw
Vehumet
Wu Jian
Xom
Yredelemnul

Shops:
D:4 *   D:6 ?

Annotations:
D:1 exclusion: downstairs
D:5 exclusion: downstairs
D:6 exclusion: downstairs
D:9 2 transporters
Lair:1 3 runed translucent doors, Xixaub Eqygg's ghost, journeyman DrSh


Innate Abilities, Weirdness & Mutations

You have a pair of large antennae on your head. (SInv)
You are partially covered in slimy green scales. (AC +2)
Your demonic aura often causes spilled blood to erupt in flames.
Spells you cast may paralyse nearby enemies.


Message History

Confirm with . or Enter, or press ? or * to list all spells.
Aiming: Vampiric Draining (safe; 0% risk of failure)
Press: ? - help, Shift-Dir - straight line, f/p - catoblepas
Aim: a catoblepas (calcifying dust, heavily wounded, ally target)
Okay, then.
Casting: Vampiric Draining (safe; 0% risk of failure)
Confirm with . or Enter, or press ? or * to list all spells.
You dismiss your zombies and call upon the dead to rise afresh.
Malevolent energies surge around you.
The death yak suddenly stops moving!
Your dream sheep zombie crumbles into dust! x2
The catoblepas gores you!
Casting: Animate Dead (safe; 0% risk of failure)
Confirm with . or Enter, or press ? or * to list all spells.
Aiming: Vampiric Draining (safe; 0% risk of failure)
Press: ? - help, Shift-Dir - straight line, f/p - catoblepas
Aim: a catoblepas (calcifying dust, heavily wounded)
You draw life force from the catoblepas!
You feel life coursing into your body. Malevolent energies surge around you.
The death yak is no longer paralysed.
The catoblepas gores you but does no damage.
The death yak gores you.
Casting: Vampiric Draining (safe; 0% risk of failure)
Confirm with . or Enter, or press ? or * to list all spells.
Aiming: Vampiric Draining (safe; 0% risk of failure)
Press: ? - help, Shift-Dir - straight line, f/p - catoblepas
Aim: a catoblepas (severely wounded)
You draw life force from the catoblepas!
You feel life coursing into your body. Malevolent energies surge around you.
The catoblepas breathes a plume of calcifying dust at you.
The blast of calcifying dust hits you! The death yak gores you!
The death yak barely misses you. The death yak gores you.
The catoblepas closely misses you. The death yak gores you!!
You barely miss the catoblepas.
The catoblepas is almost dead.
The death yak is engulfed in calcifying dust.
The death yak is moving more slowly.
The death yak gores you! The catoblepas gores you!!
* * * LOW HITPOINT WARNING * * *
The death yak gores you!!
You die...

**#####P..##
,,,........#
*,,,##.....#
,*,*#.÷...#*
,**#...÷#.##
*#......#Y.##
,.÷....Y##..##
,8..#...,#.YY#
,..*#{..,#YY@#
8.,*.#..,#§.§#
,,,.#...∆#...#
*,,,8,,,,∆,#..##
,*,,8,,8,,8,##..#
,**,,{,,,,,,#...#
,**,,,{,∆,,##...#
****∆∆,8,8,#..÷.#
#* **∆∆,,,##...P#


You could see 4 death yaks and a catoblepas.

Vanquished Creatures
  A hydra (Lair:3)
  A boulder beetle (Lair:4)
  2 skysharks
  Maurice (D:9)
  18 elephants
  A meliai (Lair:3)
  A black mamba (Lair:3)
  5 cane toads
  A rime drake (Lair:4)
  7 komodo dragons
  5 polar bears
  A troll (D:7)
  13 blink frogs
  8 dream sheep (Lair:5)
  A meliai zombie (Lair:3)
  2 wyverns
  A wraith (D:9)
  10 yaks
  Eustachio (D:6)
  5 basilisks
  A steam dragon (Lair:2)
  3 vampire mosquitoes (Lair:2)
  Duvessa (D:7)
  12 water moccasins
  2 orc warriors (D:8)
  2 black bears
  A sky beast (D:7)
  5 elephant zombies (Lair:3)
  6 blink frog zombies
  2 ogres
  2 centaurs
  4 dream sheep zombies (Lair:5)
  27 wolves
  A phantom (D:7)
  A kobold brigand (D:8)
  7 bullfrogs
  2 gnoll sergeants
  A water moccasin zombie (D:7)
  5 scorpions
  6 wights
  A polar bear zombie (Lair:2)
  Dowan (D:7)
  17 killer bees
  8 wolf zombies
  A howler monkey (D:6)
  A bombardier beetle (D:6)
  A bullfrog zombie (Lair:1)
  5 hounds
  A jelly (D:5)
  An orc priest (D:8)
  A sleepcap (D:6)
  3 iguanas
  11 orc wizards
  A killer bee zombie (Lair:3)
  A sky beast zombie (D:7)
  A howler monkey zombie (D:6)
  13 gnolls
  6 adders
  A white imp (D:7)
  4 ribbon worms
  A dart slug (D:2)
  22 orcs
  3 ball pythons
  3 endoplasms
  9 giant cockroaches
  A gnoll zombie (D:8)
  9 goblins
  5 hobgoblins
  6 kobolds
  5 quokkas
  2 bats
  3 frilled lizards
  2 orc zombies
  7 rats
333 creatures vanquished.

Vanquished Creatures (collateral kills)
  Sonja (Lair:2)
  3 elephants
  A cane toad (Lair:1)
  6 blink frogs
  3 dream sheep (Lair:5)
  A wraith (D:9)
  A wyvern (Lair:5)
  2 yaks (Lair:2)
  A vampire mosquito (Lair:2)
  A water moccasin (Lair:4)
  3 wolves
  3 bullfrogs
  2 wights
  2 killer bees (D:9)
  A howler monkey (D:6)
  2 orc priests
  Crazy Yiuf (D:7)
  An orc wizard (D:8)
  An adder (D:6)
  2 gnolls
  6 orcs
44 creatures vanquished.

Vanquished Creatures (others)
  A cane toad zombie (Lair:3)
  5 dream sheep zombies (Lair:5)
  3 elephant zombies
  6 blink frog zombies
  A komodo dragon zombie (Lair:5)
  A wyvern zombie (D:9)
  3 water moccasin zombies
  A wolf zombie (Lair:4)
  A centaur zombie (D:8)
  3 bullfrog zombies
  10 killer bee zombies
  A vine stalker zombie (D:9)
  A hound zombie (D:6)
  A human zombie (D:6)
  A gnoll zombie (D:8)
  7 orc zombies
46 creatures vanquished.

Grand Total: 423 creatures vanquished

Notes
Turn   | Place    | Note
-------+----------+-------------------------------------------
     0 | D:1      | Zeia the Demonspawn Necromancer began the quest for the
                  | Orb.
     0 | D:1      | Reached XP level 1. HP: 13/13 MP: 3/3
   348 | D:1      | Gained mutation: Spells you cast may paralyse adjacent
                  | enemies. [demonic ancestry]
   348 | D:1      | Reached XP level 2. HP: 19/19 MP: 3/5
   447 | D:1      | Reached skill level 5 in Necromancy
   878 | D:2      | Gained mutation: You have a pair of small antennae on your
                  | head. [demonic ancestry]
   878 | D:2      | Reached XP level 3. HP: 24/24 MP: 2/6
  1018 | D:2      | Learned a level 3 spell: Vampiric Draining
  1652 | D:2      | Reached XP level 4. HP: 29/30 MP: 3/7
  1870 | D:3      | Reached skill level 6 in Necromancy
  2105 | D:3      | Found a shadowy altar of Dithmenos.
  2881 | D:3      | Found a broken altar of Ashenzari.
  2895 | D:3      | Became a worshipper of Ashenzari the Shackled
  3184 | D:4      | Gained mutation: You have a pair of antennae on your head.
                  | [demonic ancestry]
  3184 | D:4      | Reached XP level 5. HP: 35/35 MP: 4/9
  3259 | D:4      | Found Puisac's Gadget Gallery.
  4074 | D:5      | Entered Level 5 of the Dungeon
  4163 | D:5      | Noticed an ogre
  4191 | D:5      | Killed an ogre
  4192 | D:5      | Reached skill level 7 in Necromancy
  4192 | D:5      | Reached XP level 6. HP: 30/41 MP: 5/11
  4372 | D:5      | Found a staircase to the Ecumenical Temple.
  4489 | Temple   | Entered the Ecumenical Temple
  4563 | D:5      | Noticed a water moccasin
  4569 | D:5      | Killed a water moccasin
  4570 | D:5      | Reached skill level 8 in Necromancy
  4570 | D:5      | Gained mutation: Spells you cast may paralyse nearby
                  | enemies. [demonic ancestry]
  4570 | D:5      | Reached XP level 7. HP: 46/46 MP: 11/14
  4571 | D:5      | Found a sacrificial altar of Ru.
  4842 | D:5      | Found a shimmering blue altar of Sif Muna.
  5019 | D:5      | Reached * piety under Ashenzari
  5019 | D:5      | Identified a scroll of acquirement
  5020 | D:5      | Acquired a staff of death
  5159 | D:6      | Learned a level 4 spell: Animate Dead
  5169 | D:6      | Reached skill level 1 in Fighting
  5169 | D:6      | Found Roblaxisch's Magic Scroll Shoppe.
  5361 | D:6      | Noticed Eustachio
  5625 | D:6      | Killed Eustachio
  5626 | D:6      | Gained mutation: Your demonic aura sometimes causes spilled
                  | blood to erupt in flames. [demonic ancestry]
  5626 | D:6      | Reached XP level 8. HP: 39/62 MP: 1/16
  5800 | D:6      | Reached skill level 5 in Spellcasting
  5808 | D:6      | Reached skill level 1 in Long Blades
  5931 | D:6      | Your ally Eustachio died
  6188 | D:6      | Found a hide-covered altar of Uskayaw.
  6277 | D:6      | Found a sparkling altar of Nemelex Xobeh.
  6284 | D:6      | Reached ** piety under Ashenzari
  6591 | D:7      | Reached skill level 5 in Long Blades
  6641 | D:7      | Found an iron altar of Okawaru.
  6800 | D:7      | Found a runed translucent door.
  6801 | D:7      | Noticed Crazy Yiuf
  6807 | D:7      | Killed Crazy Yiuf
  7018 | D:7      | Noticed Dowan
  7023 | D:7      | Noticed Duvessa
  7036 | D:7      | Killed Duvessa
  7037 | D:7      | Reached XP level 9. HP: 62/69 MP: 19/19
  7044 | D:7      | Killed Dowan
  7256 | D:7      | Noticed a troll
  7268 | D:7      | Killed a troll
  7457 | D:7      | Reached skill level 1 in Armour
  7709 | D:7      | Identified the +2 mace "Amoime" {drain, Stlth+}
  7970 | D:8      | Reached skill level 5 in Fighting
  8718 | D:8      | Reached skill level 9 in Necromancy
  8911 | D:9      | Gained mutation: You have a pair of large antennae on your
                  | head. (SInv) [demonic ancestry]
  8911 | D:9      | Reached XP level 10. HP: 72/80 MP: 13/20
  9021 | D:9      | Reached skill level 10 in Necromancy
  9158 | D:9      | Noticed Maurice
  9181 | D:9      | Maurice stole a +0 dagger
  9183 | D:9      | Killed Maurice
  9187 | D:9      | Reached *** piety under Ashenzari
  9268 | D:9      | Found an ancient bone altar of Kikubaaqudgha.
  9321 | D:9      | Found a transporter.
  9325 | D:9      | Noticed a deep elf pyromancer
  9325 | D:9      | Noticed a green ugly thing
  9326 | D:9      | Noticed a boulder beetle
  9347 | D:9      | Found a transporter.
  9353 | D:9      | Noticed a deep elf pyromancer
  9409 | D:9      | Found a staircase to the Lair.
  9425 | D:9      | Your ally Maurice died
  9430 | D:9      | Reached skill level 11 in Necromancy
 10069 | Lair:1   | Entered Level 1 of the Lair of Beasts
 10149 | Lair:1   | Identified the +1 leather armour of the Baku {-Cast rC+
                  | Str+4 Stlth+}
 10298 | Lair:1   | Noticed a cane toad
 10308 | Lair:1   | Found a runed translucent gate.
 10315 | Lair:1   | Noticed a death yak
 10348 | Lair:1   | Noticed a black mamba
 10351 | Lair:1   | Noticed a boulder beetle
 10352 | Lair:1   | Found a runed translucent gate.
 10352 | Lair:1   | Noticed Xixaub Eqygg's ghost (journeyman DrSh)
 10353 | Lair:1   | Found a runed translucent gate.
 10436 | Lair:1   | Reached skill level 12 in Necromancy
 10561 | Lair:1   | Identified the flux talisman of Daffodils {rElec MP+9
                  | Stlth+}
 10584 | Lair:1   | Killed a cane toad
 10637 | Lair:1   | Reached skill level 13 in Necromancy
 10810 | Lair:1   | Gained mutation: You are partially covered in slimy green
                  | scales. (AC +2) [demonic ancestry]
 10810 | Lair:1   | Reached XP level 11. HP: 84/86 MP: 15/21
 11132 | Lair:2   | Reached skill level 14 in Necromancy
 11331 | Lair:2   | Reached skill level 15 in Necromancy
 11390 | Lair:2   | Found a staircase to the Swamp.
 11671 | Lair:2   | Reached skill level 16 in Necromancy
 11777 | Lair:2   | Noticed Sonja
 11793 | Lair:2   | Killed Sonja
 12204 | Lair:3   | Reached skill level 17 in Necromancy
 12211 | Lair:3   | Gained mutation: Your demonic aura often causes spilled
                  | blood to erupt in flames. [demonic ancestry]
 12211 | Lair:3   | Reached XP level 12. HP: 84/93 MP: 21/23
 12450 | Lair:3   | Noticed a five-headed hydra
 12460 | Lair:3   | Killed a five-headed hydra
 12764 | Lair:3   | Found a hole to the Spider Nest.
 13146 | Lair:3   | Reached skill level 18 in Necromancy
 13852 | Lair:4   | Reached **** piety under Ashenzari
 14411 | Lair:4   | Noticed a boulder beetle
 14428 | Lair:4   | Reached XP level 13. HP: 104/104 MP: 10/27
 14587 | Lair:4   | Reached ***** piety under Ashenzari
 15214 | Lair:5   | Entered Level 5 of the Lair of Beasts
 15243 | Lair:5   | Reached skill level 19 in Necromancy
 15500 | Lair:5   | Slain by a death yak

Illustrated notes

Levels and vault maps discovered:
D:1:      lightli_arrival_flooded_house, layout_basic, serial_bayou_pond_a,
          minmay_worlds_worst_comb
D:2:      layout_rooms, st_stairs_12, minmay_hexomino_c4
D:3:      layout_basic, evilmike_ruin_ashenzari, grunt_dithmenos_smoke
D:4:      layout_cave_pods, nicolae_shop_gadgets
D:5:      layout_loops_ring, tso_altar, hellmonk_sif_muna_bookshelves,
          mainiacjoe_overflow_24_doors, minmay_temple_entry_mist
D:6:      layout_loops_ring, mainiacjoe_overflow_chevrons,
          nicolae_uskayaw_dance_hall, serial_shops, nicolae_shop_waterfront,
          minivault_11, st_stairs_9, uniq_eustachio
D:7:      layout_loops_ring, okawaru_ov_weapons_minmay, uniq_crazy_yiuf_cottage,
          uniq_duvessa
D:8:      layout_rooms, jmf_multi_god_temple
D:9:      gammafunk_the_bubble [the_bubble_gammafunk_grid], layout_basic,
          nicolae_kikubaaqudgha_miasma_corner, david_lair_shrubbed, uniq_maurice
Temple:   nicolae_temple_ecumenical_triangle
Lair:1:   layout_long_grid, gammafunk_ghost_split
Lair:2:   layout_roguey, minmay_swamp_entry_swarm, lemuel_fruit_tree, uniq_sonja
Lair:3:   layout_loops_ring, hellmonk_spider_entry_not_the_bees
Lair:4:   layout_layer_cave
Lair:5:   grunt_lair_end_beastmaster, layout_concentric_octagons, slime_entry_1

Skill      XL: |  1  2  3  4  5  6  7  8  9 10 11 12 13 |
---------------+----------------------------------------+-----
Necromancy     | 5 6 7 8 9 13 17 18 19 | 19.2
Spellcasting   | 3 4 5 7 |  7.7
Fighting       | 4 6 7 9 |  9.0
Long Blades    | 6 7 |  7.5
Armour         | 3 |  3.0
Dodging        | |  1.8
Stealth        | |  1.8

Action                     |  1- 3 |  4- 6 |  7- 9 | 10-12 | 13-15 || total
---------------------------+-------+-------+-------+-------+-------++-------
  Melee: Unarmed           |     5 |       |       |       |       ||     5
         Dagger            |    20 |    78 |    30 |       |       ||   128
         Punch             |     1 |     1 |     2 |     9 |     2 ||    15
         Staff             |       |       |     2 |       |       ||     2
         Falchion          |       |       |   189 |   292 |    48 ||   529
   Cast: Necrotise         |    75 |    44 |    29 |    36 |     2 ||   186
         Vampiric Draining |     1 |    19 |    38 |    92 |    15 ||   165
         Animate Dead      |       |       |    11 |    17 |     2 ||    30
 Invoke: Curse Item        |       |     1 |     3 |     3 |     1 ||     8
         Shatter the Chain |       |       |     1 |       |       ||     1
    Use: Scroll            |       |       |     1 |       |       ||     1
         Potion            |       |       |     1 |     1 |       ||     2
   Stab: Paralysed         |     7 |    17 |    53 |    73 |     8 ||   158
         Sleeping          |       |     2 |     3 |     1 |       ||     6
         Distracted        |       |       |     1 |     4 |     1 ||     6
 Armour: Robe              |    32 |    41 |   157 |       |       ||   230
         Troll leather arm |       |       |    41 |   312 |    85 ||   438
  Dodge: Dodged            |    38 |    56 |   156 |   196 |    37 ||   483
